 Dungeon Crawl Stone Soup version 0.28.0-45-g0d030f2227 (webtiles) character file.

Game seed: 6662655426095404603

105 croobank the Firebug (level 4, -6/35 HPs)
             Began as a Draconian Fire Elementalist on Apr 11, 2022.
             Mangled by a gnoll
             ... wielding a +0 spear
              (7 damage)
             ... on level 3 of the Dungeon.
             The game lasted 00:11:21 (3099 turns).

croobank the Firebug (Draconian Fire Elementalist)  Turns: 3099, Time: 00:11:21

Health: -6/35      AC:  5    Str: 11    XL:     4   Next: 54%
Magic:  1/7        EV: 12    Int: 17    God:
Gold:   90         SH:  0    Dex: 11    Spells: 5/8 levels left

rFire   . . .      SeeInvis .   e - +1 short sword (holy)
rCold   . . .      Faith    .   (no shield)
rNeg    . . .      Spirit   .   (armour unavailable)
rPois   +          Reflect  .   (helmet restricted)
rElec   .          Harm     .   (no cloak)
rCorr   .          Rampage  .   (no gloves)
Will    .....                   (no boots)
Stlth   ++........              (no amulet)
HPRegen 0.11/turn               n - ring of poison resistance
MPRegen 0.10/turn               (no ring)

@: no status effects
A: AC +5, unfitting armour, cold-blooded
a: no special abilities


You were on level 3 of the Dungeon.
You visited 1 branch of the dungeon, and saw 3 of its levels.

You collected 90 gold pieces.

Inventory:

Hand Weapons
 b - a +0 hunting sling
 d - a +0 falchion
 e - a +1 short sword of holy wrath (weapon)
 m - a +1 dagger of protection
Missiles
 g - 25 stones
 j - 19 sling bullets
 l - 3 poisoned darts
 p - 3 throwing nets
 q - 19 arrows
Jewellery
 f - a ring of magical power
 n - a ring of poison resistance (left hand)
Scrolls
 a - 2 scrolls of teleportation
 k - 2 scrolls of identify {unknown}
 o - 2 scrolls of magic mapping {unknown}
Potions
 c - a potion of lignification {unknown}
 h - a potion of resistance {unknown}
 i - 2 potions of heal wounds {unknown}


   Skills:
 + Level 1.4 Fighting
 + Level 2.4 Dodging
 + Level 2.4 Stealth
 + Level 2.6 Spellcasting
 + Level 1.9 Conjurations
 + Level 3.4 Fire Magic


You had 5 spell levels left.
You knew the following spells:

 Your Spells              Type           Power      Damage    Failure   Level
a - Foxfire               Conj/Fire      44%        2x1d6     6%          1
b - Scorch                Fire           28%        2d6       7%          2

Your spell library contained the following spells:

 Spells                   Type           Power      Damage    Failure   Level
 Animate Skeleton         Necr           4%         N/A       19%         1
 Pain                     Necr           8%         1d4       19%         1
 Conjure Flame            Conj/Fire      11%        6-21      19%         3
 Inner Flame              Hex/Fire       8%         N/A       26%         3
 Vampiric Draining        Necr           2%         2d6       50%         3
 Flame Wave               Conj/Fire      11%        2d5       52%         4


Dungeon Overview and Level Annotations

Branches:
Dungeon (3/15)

Altars:


Innate Abilities, Weirdness & Mutations

Your plain brown scales are hard. (AC +5)
You cannot fit into any form of body armour.
You are cold-blooded and may be slowed by cold attacks.


Message History

The worm is heavily wounded.
The foxfire hits the worm.
The worm is severely wounded.
Casting: Foxfire (safe; 6% risk of failure)
Confirm with . or Enter, or press ? or * to list all spells.
Flames lash the worm.
The worm is almost dead.
The worm's fire resistance burns away.
Casting: Scorch (safe; 7% risk of failure)
Confirm with . or Enter, or press ? or * to list all spells.
You miscast Foxfire.
Nothing appears to happen.
You hit the worm but do no damage.
The worm is almost dead.
The worm completely misses you.
You hit the worm but do no damage.
The worm is almost dead.
The worm bites you.
You hit the worm. You tail-slap the worm.
You kill the worm!
The gnoll drinks a potion.
The gnoll goes berserk!
The gnoll hits you from afar with a +0 spear!
The gnoll rages.
The gnoll barely misses you.
Casting: Foxfire (safe; 6% risk of failure)
Confirm with . or Enter, or press ? or * to list all spells.
You conjure some foxfire!
The gnoll barely misses you.
The foxfire hits the gnoll.
The gnoll is moderately wounded.
The foxfire hits the gnoll.
The gnoll is heavily wounded.
The gnoll hits you from afar with a +0 spear!
The gnoll hits you from afar with a +0 spear.
Your magical contamination has completely faded away.
The gnoll hits you from afar with a +0 spear.
The gnoll hits you from afar with a +0 spear!
* * * LOW HITPOINT WARNING * * *
There is a stone staircase leading up here.
The gnoll barely misses you.
The gnoll hits you from afar with a +0 spear!
You die...

#.......##.# #.# #.#
###..##.##.# #.# #.#
#. #.##.# #.####.###
#..##†##.# #..#.....#
#........#
###.#)###.###
##.##.#..# #.<...#
#.... .. #.#.g#
#.#.#.###.### ##
#.#..###....#.....#
#.#.@...........#####
#.######........†..).
..# ##.#.#########
#### #.#.# # #.#.#
###### #..... #.####
#.# #.#


You could see a gnoll (berserk).

Vanquished Creatures
  Robin (D:2)
  3 gnolls (D:3)
  2 worms
  A dart slug (D:2)
  6 ball pythons
  2 endoplasms
  3 giant cockroaches (D:2)
  7 goblins (D:2)
  2 hobgoblins (D:2)
  8 jackals (D:3)
  5 quokkas
  4 bats
  3 frilled lizards
  2 kobolds
  3 rats
52 creatures vanquished.

Vanquished Creatures (others)
  77 foxfires
77 creatures vanquished.

Grand Total: 129 creatures vanquished

Notes
Turn   | Place    | Note
-------+----------+-------------------------------------------
     0 | D:1      | croobank the Draconian Fire Elementalist began the quest
                  | for the Orb.
     0 | D:1      | Reached XP level 1. HP: 14/14 MP: 3/3
   813 | D:1      | Found a faded altar of an unknown god.
  1239 | D:2      | Reached XP level 2. HP: 18/20 MP: 1/5
  1341 | D:2      | Learned a level 2 spell: Scorch
  1878 | D:2      | Reached XP level 3. HP: 27/27 MP: 0/6
  2222 | D:2      | Noticed Robin
  2223 | D:2      | Reached skill level 1 in Fighting
  2288 | D:2      | Killed Robin
  2830 | D:3      | Reached XP level 4. HP: 35/35 MP: 0/7
  3097 | D:3      | HP: 1/35 [gnoll/+0 spear (10)]
  3099 | D:3      | Mangled by a gnoll

Illustrated notes

Levels and vault maps discovered:
D:1:      kilobyte_arrival_exit_the_forest, layout_basic,
          ebering_ecumenical_altar_abandoned, kennysheep_another_room,
          minivault_26
D:2:      layout_loops_ring, minmay_misc_feat_diagonals, uniq_robin
D:3:      layout_loops_ring, chequers_avenue

Skill      XL: |  1  2  3 |
---------------+----------+-----
Stealth        | 2 |  2.4
Dodging        | 2 |  2.4
Fighting       | 1 |  1.4
Spellcasting   | |  2.6
Conjurations   | |  1.9
Fire Magic     | |  3.4

Action                   |  1- 3 |  4- 6 || total
-------------------------+-------+-------++-------
Melee: Short sword       |    28 |    27 ||    55
       Punch             |     3 |       ||     3
       Unarmed           |     1 |       ||     1
       Tailslap          |     6 |     4 ||    10
 Cast: Foxfire           |    40 |     6 ||    46
       Scorch            |    17 |     3 ||    20
  Use: Scroll            |     1 |       ||     1
Armor: Skin              |    20 |     9 ||    29
Dodge: Dodged            |    31 |    21 ||    52
